 Dungeon Crawl Stone Soup version 0.29-a0-284-gf9362112df (webtiles) character file.

Game seed: 16551021399286781374

555 spiderkeys the Skirmisher (level 7, -7/53 HPs)
             Began as a Djinni Abyssal Knight on Mar 29, 2022.
             Was a Priest of Lugonu.
             Mangled by an ogre
             ... wielding a +0 giant club
              (17 damage)
             ... on level 4 of the Dungeon.
             The game lasted 00:08:42 (4342 turns).

spiderkeys the Skirmisher (Djinni Abyssal Knight)   Turns: 4342, Time: 00:08:43

Health: -7/53      AC:  5    Str: 12    XL:     7   Next: 55%
Gold:   146        EV: 13    Int: 13    God:    Lugonu [***...] SH:  0 Dex: 14

rFire   + + .      SeeInvis .   a - +1 short sword
rCold   . . .      Faith    .   (no shield)
rNeg    . . .      Spirit   .   b - +1 leather armour
rPois   ∞          Reflect  .   (no helmet)
rElec   .          Harm     .   (no cloak)
rCorr   .          Rampage  .   c - +0 pair of gloves
Will    .....                   (boots unavailable)
Stlth   +.........              (no amulet)
HPRegen 0.17/turn               C - ring of protection from cold
MPRegen 0.00/turn               (no ring)

@: flying
A: sickness immunity, fire resistance 2, cold vulnerability 1, float, innate
caster, HP casting, extra vitality 1
a: Renounce Religion, Depart the Abyss, Bend Space, Banish


You were on level 4 of the Dungeon.
You worshipped Lugonu.
Lugonu was most pleased with you.
You visited 1 branch of the dungeon, and saw 4 of its levels.
You visited the Abyss 1 time.
You also visited: Sewer.

You collected 146 gold pieces.


Innate Abilities, Weirdness & Mutations

You are immune to sickness and miasma.
You are immune to poison.
Your flesh is very heat resistant. (rF++)
You are vulnerable to cold. (rC-)
You float through the air rather than walking.
You learn spells naturally, not from books.
Your magical power is your life essence.
You have superior vitality. (+4 MHP)


   Skills:
 + Level 4.4 Fighting
 + Level 3.4 Short Blades
 - Level 1.0 Armour
 + Level 4.2 Dodging
 * Level 3.4 Spellcasting
 - Level 1.7 Invocations


You had 6 spell levels left.
You knew the following spells:

 Your Spells              Type           Power      Damage    Failure   Level
c - Corpse Rot            Necr/Air       22%        N/A       10%         2
d - Dazzling Flash        Conj/Hex       22%        N/A       21%         3
m - Magic Dart            Conj           44%        1d5       7%          1
Your spell library was empty.

Inventory:

Hand Weapons
 a - a +1 short sword (weapon)
Missiles
 d - 4 atropa-tipped darts
 e - 71 stones
 w - a curare-tipped dart {=f}
 y - 6 poisoned darts
Armour
 b - a +1 leather armour (worn)
 c - a +0 pair of gloves (worn)
   (You found it on level 3 of the Dungeon)
 i - a +0 leather armour
   (You took it off an orc on level 3 of the Dungeon)
 k - a +0 leather armour
   (You found it on level 2 of the Dungeon)
 l - a +0 plate armour
   (You found it on level 2 of the Dungeon)
 n - a +0 robe
   (You found it on level 2 of the Dungeon)
 o - a +0 leather armour
   (You found it on level 3 of the Dungeon)
Jewellery
 C - a ring of protection from cold (left hand)
   (You found it on level 3 of the Dungeon)
Scrolls
 h - 2 scrolls of fog
 m - 2 scrolls of amnesia
 r - a scroll of identify {@r1}
 t - a scroll of enchant weapon
 v - a scroll of teleportation {@r4}
 x - a scroll of fear {unknown}
Potions
 f - a potion of lignification {unknown}
 g - 2 potions of brilliance
 j - a potion of curing {unknown}
 p - 3 potions of haste {@q3}
 q - 3 potions of heal wounds {@q2}
 s - a potion of might {unknown}
 u - a potion of flight {unknown}
 z - a potion of invisibility {unknown}

Dungeon Overview and Level Annotations

Branches:
Dungeon (4/15)              Sewer (visited)
 Temple: D:4-7

Altars:
Wu Jian

Annotations:
Abyss:1 Grinder

. ## . ..## . .... #
#### ..... # ##..###
#..#.. ####
##.....###....).
...######..###..........
..........## ##.........
#####...### ##@O......
## ##### #........
.#####.## #........
.....)..## ##.........
.######..# #.....g....
## ##.## ##.......... #
##..###........... #
#...##......g..... ##
###.###...........


You could see an ogre and 2 gnolls.


Message History

You barely miss the scorpion. The scorpion barely misses you.
You hit the scorpion but do no damage.
The scorpion is no longer blind.
The scorpion barely misses you. 😕 HP[+1]
You puncture the scorpion! The scorpion misses you.
You barely miss the scorpion. The scorpion stings you. 😕 HP[-4]
You take 4 damage, and now have 40/53 hp.
You barely miss the scorpion. The scorpion misses you.
You hit the scorpion but do no damage. The scorpion barely misses you.
You barely miss the scorpion. The scorpion barely misses you.
You hit the scorpion. The scorpion closely misses you.
You hit the scorpion but do no damage. The scorpion stings you. x2 😮 HP[-1]
You take 1 damage, and now have 39/53 hp.
You hit the scorpion.
You kill the scorpion!
Lugonu accepts your kill.
Key pressed, stopping explore.
Key pressed, stopping explore.
Key pressed, stopping explore.
Key pressed, stopping explore.
An adder comes into view. 😎 HP[+14]
Your hp is fully restored (53).
The magic dart hits the adder.
The adder barely misses you. 😕 HP[-1]
You take 1 damage, and now have 52/53 hp.
The magic dart hits the adder.
The adder misses you. 😕 HP[-1]
You take 1 damage, and now have 51/53 hp.
The magic dart hits the adder.
The adder barely misses you.
The adder bites you but does no damage. 😕 HP[-1]
You take 1 damage, and now have 50/53 hp.
The magic dart hits the adder.
You kill the adder!
Lugonu accepts your kill. 😕 HP[-1]
You take 1 damage, and now have 49/53 hp.
You can't see any susceptible monsters within range! (Use Z to cast anyway.)
You see here an adder corpse.
Key pressed, stopping explore.
You now have 146 gold pieces (gained 6).
You see here a +0 trident.
A goblin is nearby! 😎 HP[+4]
Your hp is fully restored (53).
The magic dart hits the goblin.
The goblin shouts! 😕 HP[-1]
You take 1 damage, and now have 52/53 hp.
The magic dart hits the goblin.
You kill the goblin!
Lugonu accepts your kill. 😕 HP[-1]
You take 1 damage, and now have 51/53 hp.
The magic dart hits the ogre.
The magic dart hits the ogre. 😕 HP[-1]
You take 1 damage, and now have 50/53 hp.
The magic dart hits the ogre. 😕 HP[-1]
You take 1 damage, and now have 49/53 hp.
The magic dart hits the ogre. 😕 HP[-1]
You take 1 damage, and now have 48/53 hp.
The magic dart hits the ogre. 😕 HP[-1]
You take 1 damage, and now have 47/53 hp.
Casting: Magic Dart (safe; 7% risk of failure)
Confirm with . or Enter, or press ? or * to list all spells.
Casting: Dazzling Flash (dangerous; 21% risk of failure)
Press: ? - help, Dir - look around, f - activate The ogre is dazzled. 😕 HP[-3]
You take 3 damage, and now have 44/53 hp.
The magic dart hits the ogre.
The ogre barely misses you.
The magic dart hits the ogre. 😕 HP[-1]
You take 1 damage, and now have 43/53 hp.
The magic dart hits the ogre.
The ogre hits you with a +0 giant club! 😮 HP[-8]
You take 8 damage, and now have 35/53 hp.
You are too injured to fight recklessly!
You completely miss the ogre.
The gnoll shouts!
Your punch misses the ogre.
The ogre is no longer blind.
The ogre hits you with a +0 giant club!!
* * * LOW HITPOINT WARNING * * *
😱 HP[-26]
You take 26 damage, and now have 9/53 hp.
MASSIVE DAMAGE!! (PAUSE)
You hit the ogre. You hit the ogre but do no damage.
The ogre barely misses you.
You barely miss the ogre. 😱 HP[+1]
You fail to use your ability.
The ogre hits you with a +0 giant club!
You die...

Skill      XL: |  1  2  3  4  5  6  7 |
---------------+----------------------+-----
Short Blades   | 2 3 |  3.4
Spellcasting   | 1 2 3 |  3.4
Fighting       | 4 |  4.4
Dodging        | 3 4 |  4.2
Armour         | |  1.0
Invocations    | |  1.7

Action                   |  1- 3 |  4- 6 |  7- 9 || total
-------------------------+-------+-------+-------++-------
Melee: Short sword       |   116 |    87 |    54 ||   257
       Punch             |     1 |     1 |       ||     2
 Cast: Magic Dart        |     8 |    65 |    60 ||   133
       Dazzling Flash    |       |       |     2 ||     2
       Corpse Rot        |       |       |     1 ||     1
Invok: Banish            |       |     1 |       ||     1
  Use: Scroll            |       |     8 |     3 ||    11
 Stab: Sleeping          |     1 |       |       ||     1
Armor: Leather armour    |    34 |    21 |    14 ||    69
Dodge: Dodged            |    95 |    43 |    46 ||   184

Levels and vault maps discovered:
D:1:      ncdulo_watergridlock, layout_rooms
D:2:      layout_loops_cross, ebering_ecumenical_altar_rust
D:3:      layout_rooms, mainiacjoe_overflow_alcove_4, uniq_grinder
D:4:      layout_layer_cave, portal_sewer_entry_d, uniq_sigmund

Notes
Turn   | Place    | Note
-------+----------+-------------------------------------------
     0 | Abyss:1  | spiderkeys the Djinni Abyssal Knight began the quest for
                  | the Orb.
     0 | Abyss:1  | Reached XP level 1. HP: 20/20 MP: 0/0
     0 | Abyss:1  | magus.rc [v1.11.3]
     9 | D:1      | You pass through the gate.
     9 | D:1      | Escaped the Abyss
    66 | D:1      | Reached XP level 2. HP: 8/25 MP: 0/0
    79 | D:1      | HP: 5/25 [kobold/+0 whip (2)]
    87 | D:1      | HP: 3/25 [jackal (3)]
    90 | D:1      | Reached skill level 2 in Short Blades
   453 | D:1      | Reached XP level 3. HP: 19/30 MP: 0/0
   453 | D:1      | Learned a level 1 spell: Magic Dart
   605 | D:1      | Reached skill level 1 in Spellcasting
   839 | D:1      | Reached *** piety under Lugonu
  1411 | D:2      | Reached XP level 4. HP: 35/35 MP: 0/0
  1515 | D:2      | Found a faded altar of an unknown god.
  1732 | D:3      | Noticed Grinder
  1787 | D:3      | Banished Grinder
  1788 | D:3      | Reached skill level 4 in Fighting
  1788 | D:3      | Reached skill level 3 in Dodging
  1788 | D:3      | Reached skill level 2 in Spellcasting
  1788 | D:3      | Reached XP level 5. HP: 34/41 MP: 0/0
  1788 | D:3      | Learned a level 2 spell: Corpse Rot
  1788 | D:3      | Reached XP level 6. HP: 39/47 MP: 0/0
  2196 | D:3      | Found an ornate altar of the Wu Jian Council.
  2655 | D:4      | Noticed an ogre
  2727 | D:4      | Found a glowing drain.
  2734 | D:4      | Reached skill level 3 in Short Blades
  2768 | Sewer    | Entered a sewer
  2945 | Sewer    | Reached skill level 3 in Spellcasting
  2945 | Sewer    | Reached XP level 7. HP: 28/52 MP: 0/0
  2945 | Sewer    | Learned a level 3 spell: Dazzling Flash
  3594 | Sewer    | Reached skill level 4 in Dodging
  4338 | D:4      | HP: 9/53 [ogre/+0 giant club (26)]
  4342 | D:4      | Mangled by an ogre

Vanquished Creatures
  2 kobold brigands (Sewer)
  A scorpion (D:4)
  8 adders
  A river rat (Sewer)
  3 worms
  A dart slug (D:2)
  An orc (D:3)
  3 endoplasms
  4 giant cockroaches
  9 goblins
  A hobgoblin (D:1)
  8 jackals (D:1)
  3 quokkas
  9 ball pythons
  5 bats
  2 frilled lizards
  13 kobolds
  5 rats
79 creatures vanquished.

Table legend:
 A = Non-vault XP
 B = Vault XP
 C = Vault XP percentage of total XP
 D = Non-vault monster count
 E = Vault monster count
 F = Vault count percentage of total count
                 A         B        C        D         E       F
            +---------+---------+-------+---------+---------+-------
      Total |     224 |     569 |  71.8 |      58 |      22 |  27.5
            +---------+---------+-------+---------+---------+-------
        D:1 |      52 |       0 |   0.0 |      32 |       0 |   0.0
        D:2 |      29 |       0 |   0.0 |       9 |       0 |   0.0
        D:3 |      48 |     286 |  85.6 |      14 |       1 |   6.7
        D:4 |      95 |      14 |  12.8 |       3 |       1 |  25.0
      Sewer |       0 |     269 | 100.0 |       0 |      20 | 100.0
            +---------+---------+-------+---------+---------+-------

Illustrated notes

Table legend:
 A = Kills in this place as a percentage of kills in entire the game.
 B = Kills by you in this place as a percentage of kills by you in the entire game.
 C = Kills by friends in this place as a percentage of kills by friends in the entire game.
 D = Other kills in this place as a percentage of other kills in the entire game.
 E = Experience gained in this place as a percentage of experience gained in the entire game.
 F = Experience gained in this place divided by the number of levels of this place that you have seen.
                   A       B       C       D       E      F
               +-------+-------+-------+-------+-------+----------------------
         Total | 100.0 | 100.0 |   N/A | 100.0 | 100.0 | 132.2
       Dungeon |  75.0 |  74.7 |   N/A | 100.0 |  66.1 | 131.0
         Sewer |  25.0 |  25.3 |   N/A |   0.0 |  33.9 | 269.0
               +-------+-------+-------+-------+-------+----------------------

Table legend: (Time is in decaauts)
 A = Elapsed time spent in this place.
 B = Non-inter-level travel time spent in this place.
 C = Inter-level travel time spent in this place.
 D = Time resting spent in this place.
 E = Time spent auto-exploring this place.
 F = Levels seen in this place.
 G = Mean time per level.
                   A        B        C        D        E       F      G
               +--------+--------+--------+--------+--------+-----+--------+
         Total |   4336 |   4190 |    146 |    832 |   2319 |   6 |  722.7 |
       Dungeon |   3108 |   2962 |    146 |    523 |   1864 |   4 |  777.0 |
         Abyss |      9 |      9 |      0 |      0 |      0 |   1 |    9.0 |
         Sewer |   1219 |   1219 |      0 |    309 |    455 |   1 | 1219.0 |
               +--------+--------+--------+--------+--------+-----+--------+

Top non-repeatable levels by time:
   Sewer: 1219 daAuts
     D:1: 1033 daAuts
     D:2: 978 daAuts
     D:3: 645 daAuts
     D:4: 451 daAuts
 Abyss:1: 9 daAuts
